[ AOE2 MATCH · #505055257 ]
UnrankedGoths vs Tatars
Player's team · LOSS
Rival team · WIN
[ REPLAY ANALYSIS · EXTRACTED FROM THE RECORDED GAME ]
Feudal
14:31
Castle
—
Imperial
—
| APM avg | 71.5 |
| APM peak | 122 |
| eAPM avg | 34.9 |
| Villagers / military | 56 / 16 |
Focus
⚔️ 31.1% · 🌾 68.9%
Archer ×11 · Militia ×3 · Spearman ×2
Feudal
15:30
Castle
21:30
Imperial
—
| APM avg | 48.3 |
| APM peak | 83 |
| eAPM avg | 22.3 |
| Villagers / military | 39 / 15 |
Focus
⚔️ 39.5% · 🌾 60.5%
Militia ×8 · Scout Cavalry ×7
Match map
Initial resources + every placement click. Lines = walls · curves = elevation contours. ◆ gold · ⬟ stone · ● berries · ✦ relic · ◌ wall gap
Your base· Open — 4t gap
LiyCoh's base· Open — 9t gap
Smoothed initial terrain · ◌ = detected wall gap · hover for details
Inputs per minute
— Gil-galad - - LiyCoh
Build order — Gil-galad
149 actions detected in the replay
| 0:00 | Create | Villager (Male) |
| 0:00 | Create | Villager (Male) |
| 0:01 | Create | Villager (Male) |
| 0:02 | Build | House |
| 0:02 | Build | House |
| 0:26 | Create | Villager (Male) |
| 0:26 | Create | Villager (Male) |
| 0:26 | Create | Villager (Male) |
| 1:22 | Create | Villager (Male) |
| 1:23 | Create | Villager (Male) |
| 1:26 | Build | Lumber Camp |
| 2:03 | Create | Villager (Male) |
| 2:04 | Create | Villager (Male) |
| 2:22 | Create | Villager (Male) |
| 2:22 | Create | Villager (Male) |
| 2:55 | Create | Villager (Male) |
| 2:55 | Create | Villager (Male) |
| 3:17 | Create | Villager (Male) |
| 3:17 | Create | Villager (Male) |
| 3:23 | Build | House |
| 3:46 | Create | Villager (Male) |
| 3:46 | Create | Villager (Male) |
| 4:03 | Build | Barracks |
| 4:08 | Create | Villager (Male) |
| 4:08 | Create | Villager (Male) |
| 4:34 | Create | Villager (Male) |
| 4:45 | Build | House |
| 4:54 | Create | Militia |
| 4:58 | Create | Villager (Male) |
| 5:11 | Create | Militia |
| 5:20 | Create | Villager (Male) |
| 5:41 | Create | Militia |
| 5:42 | Create | Villager (Male) |
| 5:53 | Build | Mill |
| 6:17 | Create | Villager (Male) |
| 6:17 | Create | Villager (Male) |
| 6:17 | Create | Villager (Male) |
| 6:18 | Build | House |
| 6:25 | Build | Palisade Wall |
| 7:18 | Research | Loom |
| 7:52 | Create | Villager (Male) |
| 7:53 | Create | Villager (Male) |
| 8:03 | Create | Villager (Male) |
| 8:08 | Create | Villager (Male) |
| 8:24 | Build | Mill |
| 8:30 | Create | Villager (Male) |
| 8:53 | Create | Villager (Male) |
| 8:58 | Build | Palisade Wall |
| 9:09 | Create | Villager (Male) |
| 9:13 | Build | Farm |
| 9:15 | Build | Farm |
| 9:45 | Create | Villager (Male) |
| 10:24 | Create | Villager (Male) |
| 10:44 | Create | Villager (Male) |
| 10:46 | Build | Palisade Wall |
| 11:17 | Create | Villager (Male) |
| 11:30 | Build | Palisade Wall |
| 11:33 | Build | House |
| 11:36 | Build | Palisade Gate |
| 11:39 | Build | Palisade Wall |
| 11:45 | Build | Palisade Wall |
| 11:46 | Build | Palisade Wall |
| 11:47 | Build | Palisade Wall |
| 11:48 | Build | Palisade Wall |
| 11:54 | Build | Palisade Wall |
| 11:56 | Create | Villager (Male) |
| 12:03 | Build | Mining Camp |
| 12:12 | Build | Palisade Wall |
| 12:21 | Research | Feudal Age |
| 12:35 | Build | Palisade Wall |
| 12:36 | Build | Palisade Wall |
| 12:37 | Build | Palisade Wall |
| 12:57 | Build | Palisade Wall |
| 12:59 | Build | Palisade Wall |
| 13:20 | Build | Palisade Wall |
| 13:47 | Create | Villager (Male) |
| 13:50 | Build | Palisade Wall |
| 14:02 | Build | Palisade Wall |
| 14:03 | Build | Palisade Wall |
| 14:13 | Create | Villager (Male) |
| 14:17 | Build | Palisade Wall |
| 14:31 | Age | Feudal Age |
| 14:34 | Build | Archery Range |
| 14:39 | Build | Blacksmith |
| 14:42 | Research | Double-Bit Axe |
| 14:42 | Create | Villager (Male) |
| 15:11 | Build | Palisade Gate |
| 15:25 | Create | Villager (Male) |
| 15:38 | Create | Archer |
| 15:38 | Create | Villager (Male) |
| 15:46 | Research | Horse Collar |
| 15:46 | Create | Villager (Male) |
| 15:49 | Create | Archer |
| 16:04 | Create | Archer |
| 16:07 | Build | Farm |
| 16:16 | Create | Archer |
| 16:19 | Create | Villager (Male) |
| 16:27 | Build | Farm |
| 16:29 | Build | House |
| 16:41 | Build | Lumber Camp |
| 16:48 | Build | Palisade Wall |
| 16:51 | Create | Villager (Male) |
| 16:53 | Create | Archer |
| 17:00 | Build | Palisade Wall |
| 17:01 | Build | Palisade Wall |
| 17:09 | Build | Palisade Wall |
| 17:10 | Build | Palisade Wall |
| 17:13 | Create | Archer |
| 17:18 | Create | Villager (Male) |
| 17:22 | Build | Farm |
| 17:31 | Build | Farm |
| 17:42 | Build | Farm |
| 17:47 | Create | Villager (Male) |
| 17:48 | Create | Archer |
| 17:50 | Build | Farm |
| 18:00 | Create | Villager (Male) |
| 18:03 | Build | Farm |
| 18:14 | Build | Farm |
| 18:18 | Build | Farm |
| 18:23 | Create | Villager (Male) |
| 18:36 | Create | Villager (Male) |
| 18:37 | Build | Farm |
| 18:39 | Build | Farm |
| 18:40 | Build | House |
| 19:06 | Build | Farm |
| 19:07 | Build | Farm |
| 19:14 | Build | House |
| 19:18 | Create | Archer |
| 19:23 | Research | Fletching |
| 19:26 | Create | Archer |
| 19:34 | Build | Farm |
| 19:45 | Create | Villager (Male) |
| 19:53 | Create | Archer |
| 19:54 | Create | Villager (Male) |
| 20:03 | Build | Mining Camp |
| 20:06 | Build | Palisade Wall |
| 20:08 | Build | Palisade Wall |
| 20:10 | Build | Palisade Wall |
| 20:11 | Build | Palisade Wall |
| 20:18 | Create | Spearman |
| 20:24 | Build | Farm |
| 20:24 | Build | Farm |
| 20:27 | Create | Villager (Male) |
| 20:33 | Create | Archer |
| 20:40 | Create | Spearman |
| 21:01 | Create | Villager (Male) |
| 21:03 | Build | Farm |
| 21:06 | Build | House |
| 21:09 | Build | House |
Build order — LiyCoh
140 actions detected in the replay
| 0:00 | Create | Villager (Male) |
| 0:00 | Create | Villager (Male) |
| 0:02 | Build | House |
| 0:02 | Build | House |
| 0:10 | Create | Villager (Male) |
| 0:10 | Create | Villager (Male) |
| 1:27 | Build | Lumber Camp |
| 1:28 | Create | Villager (Male) |
| 1:39 | Build | Lumber Camp |
| 1:56 | Create | Villager (Male) |
| 2:29 | Create | Villager (Male) |
| 2:57 | Create | Villager (Male) |
| 3:22 | Create | Villager (Male) |
| 3:34 | Build | House |
| 3:39 | Create | Villager (Male) |
| 3:59 | Build | House |
| 4:16 | Research | Loom |
| 4:30 | Create | Villager (Male) |
| 4:35 | Build | Barracks |
| 4:43 | Create | Villager (Male) |
| 5:01 | Build | House |
| 5:03 | Build | House |
| 5:22 | Create | Villager (Male) |
| 5:27 | Create | Militia |
| 5:42 | Create | Villager (Male) |
| 5:48 | Create | Militia |
| 6:01 | Create | Villager (Male) |
| 6:06 | Build | Mill |
| 6:17 | Create | Militia |
| 6:43 | Create | Villager (Male) |
| 6:57 | Build | Palisade Wall |
| 7:00 | Build | Palisade Wall |
| 7:02 | Create | Villager (Male) |
| 7:22 | Build | House |
| 7:29 | Build | House |
| 7:54 | Create | Militia |
| 8:04 | Create | Villager (Male) |
| 8:14 | Create | Militia |
| 8:23 | Create | Militia |
| 8:37 | Create | Villager (Male) |
| 8:43 | Build | Mill |
| 9:04 | Create | Villager (Male) |
| 9:21 | Create | Villager (Male) |
| 9:37 | Create | Villager (Male) |
| 9:38 | Create | Militia |
| 9:42 | Build | House |
| 9:48 | Build | House |
| 9:49 | Build | House |
| 10:04 | Create | Villager (Male) |
| 10:05 | Create | Militia |
| 10:17 | Create | Villager (Male) |
| 10:29 | Build | House |
| 10:46 | Build | Palisade Wall |
| 10:46 | Build | Palisade Wall |
| 10:49 | Create | Villager (Male) |
| 10:58 | Build | Palisade Wall |
| 10:59 | Build | Palisade Gate |
| 11:03 | Build | Palisade Wall |
| 11:14 | Create | Villager (Male) |
| 11:18 | Build | Farm |
| 11:18 | Build | Farm |
| 11:19 | Build | Farm |
| 11:55 | Create | Villager (Male) |
| 11:57 | Build | Farm |
| 12:31 | Build | Palisade Wall |
| 12:44 | Create | Villager (Male) |
| 12:46 | Build | Farm |
| 12:49 | Build | Palisade Wall |
| 13:20 | Research | Feudal Age |
| 13:25 | Build | Palisade Wall |
| 13:28 | Build | Palisade Wall |
| 13:32 | Build | Palisade Wall |
| 13:42 | Create | Villager (Male) |
| 13:51 | Build | Farm |
| 14:07 | Build | House |
| 14:16 | Build | Palisade Wall |
| 14:17 | Create | Villager (Male) |
| 14:25 | Build | Farm |
| 14:35 | Build | Farm |
| 14:38 | Build | Farm |
| 14:55 | Build | Mining Camp |
| 15:23 | Build | Farm |
| 15:30 | Age | Feudal Age |
| 15:30 | Build | Palisade Wall |
| 15:41 | Build | Blacksmith |
| 15:44 | Research | Double-Bit Axe |
| 16:13 | Build | Stable |
| 16:19 | Create | Villager (Male) |
| 16:22 | Build | House |
| 16:26 | Build | House |
| 16:37 | Build | Palisade Wall |
| 16:37 | Build | Palisade Wall |
| 16:37 | Build | Palisade Wall |
| 16:46 | Create | Villager (Male) |
| 16:52 | Build | Palisade Wall |
| 16:54 | Build | Palisade Wall |
| 16:56 | Build | Palisade Wall |
| 16:58 | Build | Palisade Wall |
| 17:00 | Build | Palisade Wall |
| 17:02 | Build | Palisade Wall |
| 17:04 | Build | Palisade Wall |
| 17:06 | Build | Palisade Wall |
| 17:06 | Create | Villager (Male) |
| 17:08 | Build | Palisade Wall |
| 17:12 | Build | Farm |
| 17:13 | Build | Farm |
| 17:16 | Research | Horse Collar |
| 17:17 | Create | Villager (Male) |
| 18:05 | Create | Villager (Male) |
| 18:13 | Build | Stable |
| 18:30 | Build | Farm |
| 18:31 | Build | Farm |
| 18:36 | Build | Farm |
| 18:37 | Build | Farm |
| 18:41 | Build | Farm |
| 18:42 | Build | Farm |
| 18:46 | Build | Farm |
| 18:50 | Research | Castle Age |
| 18:50 | Research | Castle Age |
| 18:57 | Build | Stable |
| 19:14 | Build | Farm |
| 19:17 | Build | Farm |
| 19:19 | Build | House |
| 19:29 | Create | Villager (Male) |
| 19:32 | Create | Scout Cavalry |
| 19:44 | Build | House |
| 19:52 | Create | Scout Cavalry |
| 20:00 | Create | Villager (Male) |
| 20:03 | Research | Scale Barding Armor |
| 20:07 | Build | Lumber Camp |
| 20:13 | Create | Scout Cavalry |
| 20:26 | Create | Scout Cavalry |
| 20:26 | Create | Scout Cavalry |
| 20:38 | Create | Scout Cavalry |
| 20:52 | Create | Scout Cavalry |
| 21:01 | Create | Villager (Male) |
| 21:20 | Research | Bloodlines |
| 21:25 | Build | Farm |
| 21:30 | Age | Castle Age |
| 21:33 | Create | Villager (Male) |
Match timeline
| 4:03 | Gil-galad · first_building Barracks |
| 4:35 | LiyCoh · first_building Barracks |
| 6:25 | Gil-galad · wall_segment Palisade Wall x1 |
| 6:57 | LiyCoh · wall_segment Palisade Wall x1 |
| 7:00 | LiyCoh · wall_segment Palisade Wall x1 |
| 8:58 | Gil-galad · wall_segment Palisade Wall x5 |
| 10:46 | Gil-galad · wall_segment Palisade Wall x1 |
| 10:46 | LiyCoh · wall_segment Palisade Wall x1 |
| 10:46 | LiyCoh · wall_segment Palisade Wall x1 |
| 10:58 | LiyCoh · wall_segment Palisade Wall x1 |
| 11:03 | LiyCoh · wall_segment Palisade Wall x1 |
| 11:30 | Gil-galad · wall_segment Palisade Wall x5 |
| 11:39 | Gil-galad · wall_segment Palisade Wall x4 |
| 11:45 | Gil-galad · wall_segment Palisade Wall x1 |
| 11:46 | Gil-galad · wall_segment Palisade Wall x1 |
| 11:47 | Gil-galad · wall_segment Palisade Wall x1 |
| 11:48 | Gil-galad · wall_segment Palisade Wall x1 |
| 11:54 | Gil-galad · wall_segment Palisade Wall x1 |
| 12:12 | Gil-galad · wall_segment Palisade Wall x1 |
| 12:31 | LiyCoh · wall_segment Palisade Wall x7 |
| 12:35 | Gil-galad · wall_segment Palisade Wall x3 |
| 12:36 | Gil-galad · wall_segment Palisade Wall x1 |
| 12:37 | Gil-galad · wall_segment Palisade Wall x1 |
| 12:49 | LiyCoh · wall_segment Palisade Wall x8 |
| 12:57 | Gil-galad · wall_segment Palisade Wall x1 |
| 12:59 | Gil-galad · wall_segment Palisade Wall x1 |
| 13:20 | Gil-galad · wall_segment Palisade Wall x1 |
| 13:25 | LiyCoh · wall_segment Palisade Wall x9 |
| 13:28 | LiyCoh · wall_segment Palisade Wall x10 |
| 13:32 | LiyCoh · wall_segment Palisade Wall x9 |
| 13:50 | Gil-galad · wall_segment Palisade Wall x9 |
| 14:02 | Gil-galad · wall_segment Palisade Wall x1 |
| 14:03 | Gil-galad · wall_segment Palisade Wall x1 |
| 14:16 | LiyCoh · wall_segment Palisade Wall x9 |
| 14:17 | Gil-galad · wall_segment Palisade Wall x1 |
| 14:31 | Gil-galad · age_up feudal |
| 14:34 | Gil-galad · first_building Archery Range |
| 15:30 | LiyCoh · age_up feudal |
| 15:30 | LiyCoh · wall_segment Palisade Wall x12 |
| 16:13 | LiyCoh · first_building Stable |
| 16:37 | LiyCoh · wall_segment Palisade Wall x1 |
| 16:37 | LiyCoh · wall_segment Palisade Wall x1 |
| 16:37 | LiyCoh · wall_segment Palisade Wall x1 |
| 16:48 | Gil-galad · wall_segment Palisade Wall x6 |
| 16:52 | LiyCoh · wall_segment Palisade Wall x1 |
| 16:54 | LiyCoh · wall_segment Palisade Wall x1 |
| 16:56 | LiyCoh · wall_segment Palisade Wall x1 |
| 16:58 | LiyCoh · wall_segment Palisade Wall x1 |
| 17:00 | Gil-galad · wall_segment Palisade Wall x1 |
| 17:00 | LiyCoh · wall_segment Palisade Wall x1 |
| 17:01 | Gil-galad · wall_segment Palisade Wall x1 |
| 17:02 | LiyCoh · wall_segment Palisade Wall x1 |
| 17:04 | LiyCoh · wall_segment Palisade Wall x1 |
| 17:06 | LiyCoh · wall_segment Palisade Wall x1 |
| 17:08 | LiyCoh · wall_segment Palisade Wall x1 |
| 17:09 | Gil-galad · wall_segment Palisade Wall x1 |
| 17:10 | Gil-galad · wall_segment Palisade Wall x1 |
| 20:06 | Gil-galad · wall_segment Palisade Wall x8 |
| 20:08 | Gil-galad · wall_segment Palisade Wall x5 |
| 20:10 | Gil-galad · wall_segment Palisade Wall x7 |
| 20:11 | Gil-galad · wall_segment Palisade Wall x1 |
| 21:30 | LiyCoh · age_up castle |
| 21:39 | Gil-galad · resign |
[ AI ANALYSIS · 1 CREDIT ]
What really happened in this match?
Wolo.gg analyzes every decision: build order, eco, micro, common mistakes by bracket. Personalized analysis on WhatsApp or Discord in 30 seconds.
Civ guide
Goths
Perfil
Jugador #322559